 Dungeon Sprint DCSS version 0.16.2-14-g7133f4a77c (webtiles) character file.

33 alasdair19 the Skirmisher (level 3, -3/45 HPs)
             Began as an Ogre Berserker on Jan 26, 2022.
             Was a Follower of Trog.
             Slain by a draconian
             ... wielding a +0 dagger
              (5 damage)
             ... in the Dungeon (Sprint V: "Ziggurat Sprint").
             The game lasted 00:08:20 (625 turns).

alasdair19 the Skirmisher (Ogre Berserker)           Turns: 625, Time: 00:08:20

Health: -3/45      AC: 19    Str: 23    XL:     3   Next: 29%
Magic:  3/3        EV:  1    Int:  6    God:    Trog [*.....]
Gold:   0          SH:  0    Dex:  9    Spells: 0 memorised, 2 levels left

rFire  + . .     SeeInvis .     L - +5 giant spiked club
rCold  + . .     Clarity  .     I - +5 gold dragon armour
rNeg   . . .     SustAb   .     (shield restricted)
rPois  +         Gourm    .     (helmet restricted)
rElec  .         Spirit   .     (no cloak)
rCorr  .         Warding  .     (gloves unavailable)
rMut   .         NoTele   +     (boots unavailable)
MR     .....                    (no amulet)
Stlth  ..........               (no ring)
                                (no ring)

@: not resistant to hostile enchantments, extremely unstealthy
A: unfitting armour, tough skin 1
a: Burn Spellbooks, Berserk, Renounce Religion


You were in the Dungeon.
You worshipped Trog.
Trog was aware of your devotion.
You were not hungry.

You visited 1 branch

Inventory:

Hand weapons
 L - a +5 giant spiked club (weapon)
Armour
 I - a +5 gold dragon armour (worn)
 N - a +3 large shield
Jewellery
 y - a +6 ring of dexterity
 z - a +6 ring of dexterity
 A - a +6 ring of intelligence
 B - a +6 ring of intelligence
 C - a +6 ring of strength
 D - a +6 ring of strength
Magical devices
 E - a wand of disintegration (7)
 F - a wand of fire (5)
 G - a wand of cold (4)
 H - a wand of draining (4)
Scrolls
 i - 4 scrolls of blinking
 q - 3 scrolls of recharging
 r - 7 scrolls of fog
 s - a scroll of holy word
 t - 5 scrolls of identify
 u - 5 scrolls of remove curse
 v - 2 scrolls of fear
Potions
 d - 10 potions of curing
 e - 10 potions of heal wounds
 f - 6 potions of haste
 g - 7 potions of magic
 h - 3 potions of berserk rage
 j - 2 potions of brilliance
 k - 2 potions of invisibility
 l - 2 potions of restore abilities
 m - 4 potions of resistance
 n - a potion of experience
 o - 5 potions of agility
 p - 5 potions of might
Comestibles
 c - 5 meat rations
 w - 42 fruits
 x - 4 bread rations


   Skills:
 + Level 6.5 Fighting
 + Level 6.5 Maces & Flails
 + Level 2.2 Armour
 + Level 2.4 Dodging


You had 2 spell levels left.
You didn't know any spells.

Dungeon Overview and Level Annotations

Branches:
Dungeon (1/1)

Altars:
Ashenzari
Cheibriados
Dithmenos
Elyvilon
Fedhas
Gozag
Kikubaaqudgha
Makhleb
Nemelex Xobeh
Okawaru
Qazlal
Ru
Sif Muna
Trog
Vehumet
Xom
Yredelemnul
Zin
The Shining One
Beogh
Jiyva
Lugonu


Innate Abilities, Weirdness & Mutations

You are too large for most types of armour.
You have tough skin (AC +1).


Message History

The draconian hits you but does no damage. x3
The draconian hits you with a mace.
* * * LOW HITPOINT WARNING * * *
You hit the draconian.
The draconian is lightly wounded.
The draconian hits you but does no damage. x3
The draconian hits you with a mace.
* * * LOW HITPOINT WARNING * * *
The draconian hits you with a dagger.
* * * LOW HITPOINT WARNING * * *
You hit the draconian but do no damage.
The draconian hits you but does no damage. x4
The draconian hits you with a hand axe.
* * * LOW HITPOINT WARNING * * *
The draconian hits you but does no damage.
Unknown command.
You closely miss the draconian.
The draconian hits you but does no damage.
The draconian hits you with a dagger.
You die...

▓▓▓▓▓▓▓▓▓▓▓▓▓▓▓▓▓▓▓
▓.8©8.▓.8©8.▓.8©8.▓
▓.:}[.▓.h)|.▓.....▓
▓..:..▓.l...▓.=...▓
▓.....▓.....▓.G...▓
▓.....▓.....▓.....▓
▓.ddd.▓.....▓.....▓
▓.d@..▓.....▓▓▓▓▓▓▓
▓▓▓▓▓▓▓▓▓▓▓▓▓


You could see 4 draconians.

Vanquished Creatures
  A jelly (D)
  A jackal (D)
2 creatures vanquished.

Notes
Turn   | Place    | Note
--------------------------------------------------------------
     0 | D        | alasdair19, the Ogre Berserker, began the quest for the Orb.
     0 | D        | Reached XP level 1. HP: 24/24 MP: 1/1
     0 | D        | Found a viscous altar of Jiyva.
     0 | D        | Found a corrupted altar of Lugonu.
     0 | D        | Found a white marble altar of Elyvilon.
     2 | D        | Found a sparkling altar of Nemelex Xobeh.
     2 | D        | Found a burning altar of Makhleb.
     2 | D        | Found a deep blue altar of Sif Muna.
     2 | D        | Found an iron altar of Okawaru.
     5 | D        | Found a basalt altar of Yredelemnul.
     5 | D        | Found a radiant altar of Vehumet.
     9 | D        | Found a bloodstained altar of Trog.
     9 | D        | Found a shimmering altar of Xom.
    14 | D        | Banished a spatial maelstrom
   144 | D        | Entered arena 1.
   144 | D        | Noticed a golden eye
   144 | D        | Noticed a jelly
   148 | D        | Killed a jelly
   148 | D        | Reached skill level 6 in Fighting
   148 | D        | Reached XP level 2. HP: 30/37 MP: 2/2
   148 | D        | Reached XP level 3. HP: 36/45 MP: 3/3
   587 | D        | Entered arena 2.
   587 | D        | Noticed an iguana
   617 | D        | Entered arena 3.
   617 | D        | Noticed a draconian
   617 | D        | Noticed a draconian
   617 | D        | Noticed a draconian
   617 | D        | Noticed a draconian
   624 | D        | HP: 2/45 [draconian/hand axe (5)]
   625 | D        | Slain by a draconian

Action                   || total
-------------------------++-------
Melee: Giant spiked club ||    56
Evoke: Wand              ||     2
